 Dungeon Crawl Stone Soup version 0.30-a0-123-g91d0c66ccf (webtiles) character file.

Game seed: 3120168415308674794

72 MisterAzrael the Slasher (level 4, -5/40 HPs)
             Began as a Minotaur Fighter on Sept 17, 2022.
             Slain by an orc priest
             ... wielding a +0 flail
              (7 damage)
             ... on level 2 of the Dungeon.
             The game lasted 00:01:45 (2253 turns).

MisterAzrael the Slasher (Minotaur Fighter)         Turns: 2253, Time: 00:01:45

Health: -5/40      AC:  7    Str: 23    XL:     4   Next: 7%
Magic:  3/3        EV:  9    Int:  5    God:
Gold:   104        SH:  4    Dex:  9    Spells: 3/3 levels left

rFire   + . .      SeeInvis .    a - +0 long sword
rCold   x . .      Faith    .    c - +0 buckler
rNeg    . . .      Spirit   .    b - +0 scale mail
rPois   .          Reflect  .    (helmet restricted)
rElec   .          Harm     .    (no cloak)
rCorr   .          Rampage  .    (no gloves)
Will    .....                    (no boots)
Stlth   ..........               (no amulet)
HPRegen 0.13/turn                j - ring of fire
MPRegen 0.08/turn                (no ring)

@: mighty
A: horns 2, retaliatory headbutt
a: no special abilities


You were on level 2 of the Dungeon.
You visited 1 branch of the dungeon, and saw 3 of its levels.

You collected 104 gold pieces.

Inventory:

Hand Weapons
 a - a +0 long sword (weapon)
Missiles
 m - 2 throwing nets (quivered)
 t - 4 curare-tipped darts
Armour
 b - a +0 scale mail (worn)
 c - a +0 buckler (worn)
 p - a +0 cloak
Jewellery
 j - a ring of fire (left hand)
 n - a +4 ring of slaying
Scrolls
 e - 2 scrolls of noise {unknown}
 i - a scroll of identify {unknown}
 k - 3 scrolls of blinking {unknown}
 l - 2 scrolls of magic mapping {unknown}
 o - a scroll of summoning {unknown}
 q - a scroll of fear {unknown}
 r - a scroll of brand weapon {unknown}
Potions
 f - a potion of invisibility {unknown}
 g - 2 potions of curing {unknown}
 h - a potion of cancellation {unknown}
 s - 2 potions of lignification {unknown}


   Skills:
 - Level 3.8 Fighting
 + Level 4.8 Long Blades
 - Level 3.8 Armour
 - Level 3.8 Shields


You had 3 spell levels left.
You didn't know any spells.
Your spell library was empty.

Dungeon Overview and Level Annotations

Branches:
Dungeon (3/15)

Altars:


Innate Abilities, Weirdness & Mutations

You have a pair of horns on your head.
You reflexively headbutt those who attack you in melee.


Message History

The orc closely misses you.
You closely miss the orc.
The orc is heavily wounded.
You block the orc's attack.
The orc hits you with a +3 antimagic dagger.
There is a stone staircase leading up here.
You slash the orc!
You kill the orc!
You hit the orc but do no damage.
The orc hits you with a +3 vorpal hand axe.
You closely miss the orc. You headbutt the orc, but do no damage.
The orc closely misses you.
You hit the orc.
The orc is severely wounded.
You block the orc's attack.
The orc priest miscasts a cantrip.
You hit the orc but do no damage.
The orc is severely wounded.
The orc misses you. You furiously retaliate!
You headbutt the orc!
You kill the orc!
The orc priest hits you but does no damage.
You hit the orc priest.
The orc priest is moderately wounded.
The orc priest hits you with a +0 flail.
You barely miss the orc priest.
You headbutt the orc priest, but do no damage.
The orc priest is moderately wounded.
The orc priest mumbles some strange prayers to Beogh against you.
Beogh smites you!
* * * LOW HITPOINT WARNING * * *
The orc priest hits you but does no damage.
You climb upwards.
There is a stone staircase leading down here.
You feel very mighty all of a sudden.
The orc priest hits you with a +0 flail!
* * * LOW HITPOINT WARNING * * *
You slash the orc priest! Your headbutt misses the orc priest.
The orc priest is almost dead.
The orc priest hits you with a +0 flail!
You die...

#.......# #.####.# #
##############.#####......#
#
#.......###.............###
# #>#####........#.#.##.#.#
# #.# #..##.#..#.#.##.#.#
#.# #........#.#.##.#.# #.#
#..##.#.##.#.##.#.#
#.#####..##.#.##.#.##.#.#
#............o@..#......#
#......##.....#######.###
#.#...........# #.)...#
#...~⌠⌠~PP⌠~..# #.#.#.#
##..~P.....~..# #.#.#.#
#..⌠.####.⌠..# #...#.#
#..~.#_...⌠.## #..##.#
#..P.####.~.# #..##.#
##.~......~.######.....#


You could see an orc priest.

Vanquished Creatures
  A gnoll (D:1)
  A worm (D:2)
  2 orcs (D:3)
  3 ball pythons
  5 endoplasms
  2 giant cockroaches (D:1)
  2 hobgoblins
  7 jackals (D:1)
  8 kobolds
  4 bats
  3 frilled lizards (D:2)
  8 goblins
  2 rats
48 creatures vanquished.

Notes
Turn   | Place    | Note
-------+----------+-------------------------------------------
     0 | D:1      | MisterAzrael the Minotaur Fighter began the quest for the
                  | Orb.
     0 | D:1      | Reached XP level 1. HP: 19/19 MP: 0/0
   117 | D:1      | Reached XP level 2. HP: 27/27 MP: 1/1
   203 | D:1      | Reached skill level 3 in Long Blades
   402 | D:1      | Reached XP level 3. HP: 33/33 MP: 2/2
   511 | D:1      | Reached skill level 4 in Long Blades
  1964 | D:2      | Reached XP level 4. HP: 40/40 MP: 3/3
  2015 | D:2      | Found a faded altar of an unknown god.
  2252 | D:2      | HP: 2/40 [orc priest/+0 flail (7)]
  2253 | D:2      | Slain by an orc priest

Illustrated notes

Levels and vault maps discovered:
D:1:      shiori_arrival_oz, layout_basic
D:2:      layout_loops_cross, shapermc_ecumenical_altar_acropolis,
          minmay_box_of_dots
D:3:      layout_loops_ring, lemuel_coloured_pillars_altar,
          nicolae_gozag_cash_rules_everything_around_me, serial_shops, shop,
          kennysheep_generic_room_7

Skill      XL: |  1  2  3 |
---------------+----------+-----
Long Blades    | 3 4 |  4.8
Fighting       | |  3.8
Armour         | |  3.8
Shields        | |  3.8

Action                   |  1- 3 |  4- 6 || total
-------------------------+-------+-------++-------
Melee: Long sword        |    92 |    14 ||   106
       Headbutt          |    11 |     4 ||    15
  Use: Potion            |       |     1 ||     1
Armor: Scale mail        |    64 |     6 ||    70
Dodge: Dodged            |    52 |     3 ||    55
Block: Buckler           |    33 |     5 ||    38

Table legend: (Time is in decaauts)
 A = Elapsed time spent in this place.
 B = Non-inter-level travel time spent in this place.
 C = Inter-level travel time spent in this place.
 D = Time resting spent in this place.
 E = Time spent auto-exploring this place.
 F = Levels seen in this place.
 G = Mean time per level.
                   A        B        C        D        E       F      G
               +--------+--------+--------+--------+--------+-----+--------+
         Total |   2280 |   2186 |     94 |    704 |   1197 |   3 |  760.0 |
       Dungeon |   2280 |   2186 |     94 |    704 |   1197 |   3 |  760.0 |
               +--------+--------+--------+--------+--------+-----+--------+

Top non-repeatable levels by time:
     D:2: 1518 daAuts
     D:1: 742 daAuts
     D:3: 20 daAuts
